Zazza, neutral female human Tourist --------- ------- --------- |........#####.......## |.......- ------------ |......@| ## |.....| |.......| |..........| |..>...&| ## |#....| |.......| #-...{.......# |.....F..#### |......# |.......+ ####|..........|# |.......| ##-------# #........| # #...........|# |.......| `######### #-.--.---- # #------------# -|--.---- # # # # # ########### ### ######## # ### # ### # # # # ### # # # # # ## # # ### ###---------- # ### # # ##### ### # # # #.........| ## # # #-----# ## # # ### |........| ---+-.-# #|...|# #### # # # |........| |.<...|# #|...-# # # # # ### |........| |.....-# #-...|### ## # # # # |........| |.....| |...| --|-.----# # ##.........| ------- ----- |.......|### ---------- |...`...-# --------- Zazza the Rambler Experience level: 1 Strength: 13 Dexterity: 14 Constitution: 18 Intelligence: 12 Wisdom: 6 Charisma: 13 Health: 0(10) Energy: 2(2) Def: 0 Gold: 0 Moves: 1260 Dungeon seed: mnoiS0a4d6llwPtk Game ID: Zazza_1575233549 Your Inventory: Weapons a - 21 blessed +2 darts (in quiver) Armor e - an uncursed +0 Hawaiian shirt Comestibles c - 7 uncursed food rations g - an uncursed tripe ration Scrolls i - an uncursed scroll of magic mapping j - a blessed scroll of magic mapping v - an uncursed scroll of enchant weapon Spellbooks o - an uncursed spellbook of detect food p - an uncursed spellbook of slow monster u - an uncursed spellbook of extra healing Potions h - 2 uncursed potions of extra healing r - a blessed potion of levitation z - an uncursed potion of see invisible Wands t - a wand of enlightenment (0:10) Tools k - an expensive camera (0:70) l - an uncursed credit card m - a magic marker (0:65) x - a bag of tricks (0:12) Gems n - an uncursed worthless piece of white glass Spells and supernatural/magical abilities: Name Level Category Fail Memory W - pray for help -- divine ? -- Your skills at the end: Fighting Skills Weapon Skills dart [Basic] Spellcasting Skills Final Attributes: You were aligned. You are dead. Vanquished creatures: 2 geckos 4 jackals 3 goblins 2 sewer rats a bat 2 lichens 4 newts 18 creatures vanquished. Voluntary challenges: You were vegetarian. You were an atheist. You never hit with a wielded weapon. You read items or engraved 4 times, starting on turn 6. You never genocided any monsters. You never polymorphed an object. You never changed form. You used no wishes. You never split a pudding. You never wrote Elbereth's name. You never violated your personal moral code. Dungeon overview: The Dungeons of Doom: levels 1 to 3 Level 1 a fountain a long staircase Level 2 Level 3 <- You were here a fountain, a sink History has recorded: On T:1 you entered the Dungeons of Doom to retrieve the Amulet of Yendor! On T:360 you reached level 2 of The Dungeons of Doom. On T:640 you reached level 3 of The Dungeons of Doom. Score breakdown: Gold: 0 ( 0 points) Experience: 1 level ( 0 points) Exploration: 3 levels ( 6.00%) ( 6060 points) Discoveries: 3 items ( 1.01%) ( 3010 points) Valuables value: (no points given unless you survive) Artifact value: 0 ( 0 points) Variety of kills: 7 monsters ( 1.84%) ( 4066 points) Turncount: 1260 turns ( 0 points) Survival: died (score multiplied by 80%) Total score: 10508 Latest messages: The goblin misses Armand. Armand bites the goblin. The goblin is killed! You hear some noises. You displace Armand. The gecko bites! The black pudding bumps right into you! Armand bites the gecko. The gecko misses Armand. The gecko bites! Armand bites the gecko. The gecko is killed! It eats a goblin corpse. The dish washer returns! You feel very attracted to the incubus. The incubus murmurs in your ear, while helping you undress. <"Shall I remove your shirt, lover?" [yn]: y> Time stands still while you and the incubus lie in each other's arms... You seem to have enjoyed it more than the incubus... You feel good enough to do it again. The incubus takes 527 zorkmids for services rendered! You hear a door open. The incubus acts as though he has got a headache. You die... Final status: Aloha Zazza the Tourist, killed by an incubus... You died in The Dungeons of Doom on dungeon level 3 with 10508 points, and 0 pieces of gold, after 1260 moves. You were level 1 with a maximum of 10 hit points when you died.